 Dungeon Crawl Stone Soup version 0.22-a0-833-g8522bf8 (webtiles) character file.

125 Amnesiac the Digger (level 4, -1/30 HPs)
             Began as a Mummy Earth Elementalist on July 25, 2018.
             Was a Follower of Vehumet.
             Slain by an orc
             ... wielding a +0 war axe
              (9 damage)
             ... on level 3 of the Dungeon.
             The game lasted 00:02:46 (1931 turns).

Amnesiac the Digger (Mummy Earth Elementalist)      Turns: 1931, Time: 00:02:47

Health: -1/30      AC:  4    Str: 11    XL:     4   Next: 82%
Magic:  0/10       EV: 12    Int: 15    God:    Vehumet [*.....]
Gold:   103        SH:  0    Dex: 14    Spells: 1/11 levels left

rFire    x . .     SeeInvis .   h - +0 quarterstaff
rCold    + . .     Gourm    .   (shield currently unavailable)
rNeg     + + +     Faith    .   c - +0 robe
rPois    ∞         Spirit   .   (no helmet)
rElec    .         Reflect  .   a - scarf {repulsion}
rCorr    .         Harm     .   (no gloves)
MR       .....                  f - +1 pair of boots
Stlth    ++........             (no amulet)
HPRegen  0.10/turn              d - +2 ring of dexterity
MPRegen  0.12/turn              (no ring)

@: repel missiles
A: no food or potions, fire vulnerability, cold resistance 1, negative energy
resistance 3, torment resistance, unbreathing
a: Renounce Religion


You were on level 3 of the Dungeon.
You worshipped Vehumet.
Vehumet was aware of your devotion.
You were not hungry.

You visited 1 branch of the dungeon, and saw 3 of its levels.

You collected 103 gold pieces.

Inventory:

Hand Weapons
 e - a +0 whip
 h - a +0 quarterstaff (weapon)
Missiles
 b - 20 stones (quivered)
Armour
 a - a scarf of repulsion (worn)
 c - a +0 robe (worn)
 f - a +1 pair of boots (worn)
 l - a +0 pair of gloves
Jewellery
 d - a +2 ring of dexterity (left hand)
 p - an uncursed amulet of regeneration {unknown}
Scrolls
 g - 2 scrolls of enchant weapon {!r, unknown}
 i - a scroll of remove curse {!r, unknown}
 j - 2 scrolls of identify {!r, unknown}
 k - a scroll of blinking {!r, unknown}
 m - a scroll of teleportation {!r, unknown}
 n - a scroll of fear {!r, unknown}
 o - a scroll of amnesia {!r, unknown}


   Skills:
 - Level 1.5 Dodging
 - Level 1.5 Stealth
 + Level 4.0 Spellcasting
 - Level 0.7 Transmutations
 * Level 4.1 Earth Magic


You had one spell level left.
You knew the following spells:

 Your Spells              Type           Power        Failure   Level  Hunger
a - Sandblast             Erth           ###...       3%          1    N/A
b - Passwall              Tmut/Erth      ##......     10%         2    N/A
c - Stone Arrow           Conj/Erth      #.....       22%         3    N/A
e - Petrify               Tmut/Erth      ##......     54%         4    N/A

Your spell library contained the following spells:

 Spells                   Type           Power        Failure   Level  Hunger
 Lee's Rapid Deconstruct  Erth           ###.......   67%         5    N/A

Dungeon Overview and Level Annotations

Branches:
Dungeon (3/15)

Altars:
Kikubaaqudgha
Makhleb
Vehumet


Innate Abilities, Weirdness & Mutations

You do not eat or drink.
Your flesh is vulnerable to fire.
You are immune to poison.
Your flesh is cold resistant. (rC+)
You are immune to negative energy. (rN+++)
You are immune to unholy pain and torment.
You can survive without breathing.


Message History

Confirm with . or Enter, or press ? or * to list all spells.
Aiming: Sandblast (safe; 3% risk of failure)
Press: ? - help, Shift-Dir - straight line, f/p - orc
Aim: an orc, wielding a war axe and wearing a chain mail The blast of sand misses the orc.
The blast of sand hits something.
b - 26 stones The orc hits you with a war axe.
Casting: Sandblast (safe; 3% risk of failure)
Confirm with . or Enter, or press ? or * to list all spells.
Aiming: Sandblast (safe; 3% risk of failure)
Press: ? - help, Shift-Dir - straight line, f/p - orc
Aim: an orc, wielding a war axe and wearing a chain mail The blast of sand hits the orc.
The orc is heavily wounded.
b - 25 stones The orc barely misses you.
Casting: Sandblast (safe; 3% risk of failure)
Confirm with . or Enter, or press ? or * to list all spells.
Aiming: Sandblast (safe; 3% risk of failure)
Press: ? - help, Shift-Dir - straight line, f/p - orc
Aim: an orc, wielding a war axe and wearing a chain mail (heavily wounded)
The blast of sand hits the orc.
The orc is heavily wounded.
b - 24 stones The orc hits you with a war axe!
* * * LOW HITPOINT WARNING * * *
Casting: Sandblast (safe; 3% risk of failure)
Confirm with . or Enter, or press ? or * to list all spells.
Aiming: Sandblast (safe; 3% risk of failure)
Press: ? - help, Shift-Dir - straight line, f/p - orc
Aim: an orc, wielding a war axe and wearing a chain mail (moderately wounded)
The blast of sand hits the orc.
The orc is moderately wounded.
b - 23 stones
Casting: Sandblast (safe; 3% risk of failure)
Confirm with . or Enter, or press ? or * to list all spells.
Aiming: Sandblast (safe; 3% risk of failure)
Press: ? - help, Shift-Dir - straight line, f/p - orc
Aim: an orc, wielding a war axe and wearing a chain mail (moderately wounded)
The blast of sand hits the orc.
The orc is severely wounded.
b - 22 stones The orc completely misses you.
Casting: Sandblast (safe; 3% risk of failure)
Confirm with . or Enter, or press ? or * to list all spells.
Aiming: Sandblast (safe; 3% risk of failure)
Press: ? - help, Shift-Dir - straight line, f/p - orc
Aim: an orc, wielding a war axe and wearing a chain mail (severely wounded)
The blast of sand hits the orc.
The orc is severely wounded.
b - 21 stones The orc hits you with a war axe.
* * * LOW HITPOINT WARNING * * *
Casting: Sandblast (safe; 3% risk of failure)
Confirm with . or Enter, or press ? or * to list all spells.
Aiming: Sandblast (safe; 3% risk of failure)
Press: ? - help, Shift-Dir - straight line, f/p - orc
Aim: an orc, wielding a war axe and wearing a chain mail (severely wounded)
The blast of sand hits the orc.
The orc is severely wounded.
b - 20 stones The orc wizard gestures wildly while chanting.
The orc wizard blinks!
The orc hits you with a war axe!
You die...

#...# #)# #.#.###.#
##.#...###)# #.......#
#..........###..†.####
#........>.....#..#
#.........######..#
####...##.# #..#
#...##.# #..#
#...##.######..#
##.....o..@o{§.#
#####.#######.# #.. )#
o# .# .# .#


You could see an orc wizard and an orc.

Vanquished Creatures
  Natasha (twice) (D:3)
  A hound skeleton (D:1)
  An adder (D:3)
  An ooze (D:2)
  An orc skeleton (D:1)
  A worm (D:2)
  A dart slug (D:3)
  A leopard gecko (D:1)
  2 orcs (D:3)
  A bat skeleton (D:1)
  5 giant cockroaches
  7 goblins
  8 hobgoblins
  5 jackals
  3 kobolds
  6 bats
  A frilled lizard (D:1)
  A goblin skeleton (D:1)
  A leopard gecko skeleton (D:1)
  7 rats
56 creatures vanquished.

Notes
Turn   | Place    | Note
-------+----------+-------------------------------------------
     0 | D:1      | Amnesiac the Mummy Earth Elementalist began the quest for the Orb.
     0 | D:1      | Reached XP level 1. HP: 13/13 MP: 4/4
   243 | D:1      | Reached XP level 2. HP: 14/19 MP: 1/5
   249 | D:1      | Learned a level 2 spell: Passwall
   539 | D:2      | Found an ancient bone altar of Kikubaaqudgha.
   545 | D:2      | Became a worshipper of Kikubaaqudgha
   627 | D:2      | Found a burning altar of Makhleb.
   627 | D:2      | Found a radiant altar of Vehumet.
   634 | D:2      | Fell from the grace of Kikubaaqudgha
   634 | D:2      | Became a worshipper of Vehumet
   741 | D:1      | Reached XP level 3. HP: 24/24 MP: 4/7
  1613 | D:3      | Noticed Natasha
  1631 | D:3      | Killed Natasha
  1631 | D:3      | Reached XP level 4. HP: 27/30 MP: 3/9
  1667 | D:3      | Noticed Natasha
  1690 | D:3      | Killed Natasha
  1724 | D:3      | Learned a level 3 spell: Stone Arrow
  1729 | D:3      | Learned a level 4 spell: Petrify
  1877 | D:3      | Reached * piety under Vehumet
  1877 | D:3      | Offered knowledge of Magic Dart by Vehumet.
  1931 | D:3      | Slain by an orc

Vault maps used:
D:1:      minmay_arrival_shattered_statue, minmay_tree_intersection
D:2:      nicolae_overflow_hidden_temple, kiku_gazebo_pond_becter
D:3:      uniq_natasha

Skill      XL: |  1  2  3  4 |
---------------+-------------+-----
Spellcasting   | 3 4 |  4.0
Earth Magic    | 3 4 |  4.1
Dodging        | |  1.5
Stealth        | |  1.5
Transmutations | |  0.7

Action                   |  1- 3 |  4- 6 || total
-------------------------+-------+-------++-------
Melee: Whip              |    13 |       ||    13
       Quarterstaff      |    59 |    13 ||    72
       Unarmed           |     1 |       ||     1
 Cast: Sandblast         |    24 |    21 ||    45
       Passwall          |     2 |       ||     2
 Stab: Sleeping          |     4 |       ||     4
       Distracted        |     1 |       ||     1
Armor: Robe              |    31 |     4 ||    35
Dodge: Dodged            |    64 |    11 ||    75

Table legend:
 A = Spawn XP
 B = Non-spawn XP
 C = Spawn XP percentage of total XP
 D = Spawn monster count
 E = Non-spawn monster count
 F = Spawn count percentage of total count
 G = Total turns spent on level
                    A         B        C        D         E        F      G
               +---------+---------+-------+---------+---------+-------+---------
         Total |       0 |     179 |   0.0 |       0 |      51 |   0.0 |  1931
               +---------+---------+-------+---------+---------+-------+---------
           D:1 |       0 |      47 |   0.0 |       0 |      26 |   0.0 |   864
           D:2 |       0 |      25 |   0.0 |       0 |      10 |   0.0 |   736
           D:3 |       0 |     107 |   0.0 |       0 |      15 |   0.0 |   331
               +---------+---------+-------+---------+---------+-------+---------
